[Event "Titled Tuesday Blitz October 31 Early 2023"]
[White "Novikova, Galina"]
[Black "Kiseleva, Arina"]
[WhiteFideId "4157095"]
[BlackFideId "4164989"]
[WhiteElo "2434"]
[BlackElo "2224"]
[Result "0-1"]
[Round "3"]
[TimeControl "180+1"]
[Date "2023.10.31"]
[WhiteClock "0:00:37"]
[BlackClock "0:00:20"]
[Board "171"]

1. e4 c6 2. d4 d5 3. e5 Bf5 4. Nc3 h5 5. Bd3 Bxd3 6. Qxd3 e6 7. Be3 Nh6 8. O-O-O Nf5 9. Kb1 a6 10. Nge2 Nxe3 11. fxe3 Nd7 12. e4 Qa5 13. exd5 cxd5 14. Rhf1 g6 15. Qf3 Rh7 16. Nf4 O-O-O 17. Ncxd5 exd5 18. Nxd5 Nb6 19. Nf6 Rg7 20. d5 Be7 21. d6 Bxf6 22. Qxf6 Rdg8 23. Rf3 Nd7 24. Rc3+ Qxc3 25. Qf2 Qc5 26. Qe2 Qxe5 27. Qc4+ Qc5 28. Qh4 Re8 29. a3 Rgg8 30. Rd3 Kb8 31. Qg3 Qe5 32. Qf3 Qe1+ 33. Ka2 Ne5 34. Qd5 Nxd3 35. Qxd3 Qe6+ 36. b3 Rd8 37. Qf3 Rxd6 38. a4 Rgd8 39. h3 Rd2 40. Kb1 Qe1+ 41. Kb2 Qe5+ 42. Ka2 Rxc2+ 0-1


[Site "https://www.chess.com"]

[Event "Titled Tuesday Blitz October 31 Early 2023"]
[White "Quirke, Jeffrey"]
[Black "Mindhunter08"]
[WhiteFideId "2013029"]
[WhiteElo "2219"]
[BlackElo "2431"]
[Result "0-1"]
[Round "3"]
[TimeControl "180+1"]
[Date "2023.10.31"]
[WhiteClock "0:00:00"]
[BlackClock "0:00:09"]
[Board "172"]

1. e4 e5 2. d4 exd4 3. Qxd4 Nc6 4. Qe3 Nf6 5. Bd2 Be7 6. Nc3 O-O 7. O-O-O d5 8. exd5 Nxd5 9. Qg3 Bf6 10. Bc4 Nxc3 11. Bxc3 Qe7 12. Bxf6 Qxf6 13. Nf3 Be6 14. Bxe6 Qxe6 15. Kb1 Nb4 16. b3 Qa6 17. a4 b5 18. Qf4 c5 19. Qd6 Qa5 20. Qxc5 Rab8 21. Rd4 Na6 22. Qf5 Qc3 23. Qd3 Qxd3 24. cxd3 bxa4 25. Rxa4 Nc5 26. Rxa7 Nxd3 27. Kc2 Nxf2 28. Rb1 Rfc8+ 29. Kd2 Ne4+ 30. Ke3 Nc3 31. Rba1 Rxb3 32. Kf2 Ne4+ 33. Kg1 g6 34. Ra8 Rxa8 35. Rxa8+ Kg7 36. h3 Rb1+ 37. Kh2 Rb2 38. h4 h5 39. Ra7 Nd6 40. Rd7 Nf5 41. Ra7 Rb4 42. g3 Rg4 43. Ne5 Re4 44. Rxf7+ Kg8 45. Rxf5 gxf5 46. Nf3 Kg7 47. Kh3 Kg6 48. Kg2 Ra4 49. Kf2 f4 50. gxf4 Rxf4 51. Kg3 Ra4 52. Kg2 Kf5 53. Kg3 Ra3 54. Kf2 Kg4 0-1


[Site "https://www.chess.com"]

[Event "Titled Tuesday Blitz October 31 Early 2023"]
[White "Tsyhanchuk, Stanislav"]
[Black "Tharushi, T H D Niklesha"]
[WhiteFideId "13505130"]
[BlackFideId "9918264"]
[WhiteElo "2421"]
[BlackElo "2217"]
[Result "0-1"]
[Round "3"]
[TimeControl "180+1"]
[Date "2023.10.31"]
[WhiteClock "0:00:06"]
[BlackClock "0:00:17"]
[Board "173"]

1. e4 c5 2. Nf3 d6 3. d4 cxd4 4. Nxd4 Nf6 5. Nc3 g6 6. Be3 Nc6 7. f3 Bg7 8. Qd2 O-O 9. O-O-O d5 10. exd5 Nxd5 11. Nxc6 bxc6 12. Bd4 e5 13. Bc5 Be6 14. Ne4 Re8 15. Bc4 f5 16. Nc3 Qa5 17. Bf2 Nxc3 18. Bxe6+ Rxe6 19. Qxc3 Qxa2 20. Qb3 Bh6+ 21. Be3 Qxb3 22. cxb3 Bxe3+ 23. Kc2 Bd4 24. f4 c5 25. Rhe1 e4 26. b4 Rc8 27. Kb1 Rc7 28. Ka2 Ra6+ 29. Kb1 Rb6 30. Re2 Rxb4 31. Rc2 Rcb7 32. Ka2 Rxb2+ 33. Rxb2 Rxb2+ 34. Ka3 Rb6 35. h3 Kf7 36. g4 fxg4 37. hxg4 Ke6 38. Rh1 Rb7 39. Ka4 e3 40. Ka5 Kd5 41. Ka6 Rf7 42. f5 gxf5 43. gxf5 Ke4 44. Rh4+ Kd3 45. f6 e2 46. Rh1 Kd2 47. Rh2 Kd1 48. Rh1+ e1=Q 49. Rxe1+ Kxe1 50. Kb5 Rxf6 51. Ka5 h5 52. Kb5 h4 53. Ka5 h3 54. Ka4 h2 55. Ka5 h1=Q 56. Kb5 a6+ 57. Ka5 Qa8 0-1


[Site "https://www.chess.com"]

[Event "Titled Tuesday Blitz October 31 Early 2023"]
[White "Jimenez Fernandez, Rebeca"]
[Black "Kahlert, Thomas"]
[WhiteFideId "32070934"]
[BlackFideId "4625242"]
[WhiteElo "2211"]
[BlackElo "2400"]
[Result "1-0"]
[Round "3"]
[TimeControl "180+1"]
[Date "2023.10.31"]
[WhiteClock "0:00:35"]
[BlackClock "0:01:30"]
[Board "174"]

1. e4 e5 2. d4 exd4 3. Qxd4 Nc6 4. Qe3 g6 5. Nc3 Bg7 6. Bd2 Nge7 7. O-O-O O-O 8. h4 h5 9. g4 hxg4 10. h5 d5 11. exd5 Nxd5 12. Nxd5 Qxd5 13. Bc3 Qe6 14. Qg3 Bxc3 15. Qxc3 g5 16. h6 Qe5 17. Qa3 Bf5 18. Bd3 Rad8 19. h7+ Kg7 20. Bxf5 Rxd1+ 21. Kxd1 Qxf5 22. Qxf8+ Kxf8 23. h8=Q+ Ke7 24. Ne2 Qxf2 25. Re1 g3 26. Nxg3+ Kd6 27. Ne4+ 1-0


[Site "https://www.chess.com"]

[Event "Titled Tuesday Blitz October 31 Early 2023"]
[White "Limontaite, Simona"]
[Black "UK_23"]
[WhiteFideId "12802506"]
[WhiteElo "2203"]
[BlackElo "2397"]
[Result "1-0"]
[Round "3"]
[TimeControl "180+1"]
[Date "2023.10.31"]
[WhiteClock "0:00:16"]
[BlackClock "0:00:15"]
[Board "175"]

1. d4 d5 2. c4 e6 3. Nc3 Nf6 4. cxd5 exd5 5. Bf4 Bd6 6. Bg3 Nc6 7. e3 Ne7 8. Bd3 O-O 9. Nge2 Bf5 10. Bh4 Bxd3 11. Qxd3 Ng6 12. Bxf6 Qxf6 13. Nxd5 Qg5 14. Qe4 Rfe8 15. h4 Rxe4 16. hxg5 Rg4 17. f4 Rxg2 18. Kf1 Rg4 19. Kf2 Re8 20. Rh3 Rh4 21. Rah1 Rxh3 22. Rxh3 Ne7 23. Ndc3 f5 24. gxf6 gxf6 25. e4 c5 26. d5 Ng6 27. Kf3 a6 28. Nd1 b5 29. Ne3 Bf8 30. Nf5 c4 31. Ned4 b4 32. Ne6 c3 33. bxc3 bxc3 34. Rh1 Bb4 35. Rc1 a5 36. Ke3 Rc8 37. Kd4 Ba3 38. Rc2 Bb2 39. Kd3 a4 40. a3 Rb8 41. d6 Nf8 42. Nxf8 Kxf8 43. e5 fxe5 44. fxe5 Kf7 45. Nd4 Rd8 46. Rf2+ Kg7 47. Ne6+ Kg6 48. Nxd8 1-0


[Site "https://www.chess.com"]

[Event "Titled Tuesday Blitz October 31 Early 2023"]
[White "Hoffmann, Asa"]
[Black "Pinales Roussel, Gabriel"]
[WhiteFideId "2001470"]
[BlackFideId "3101762"]
[WhiteElo "2394"]
[BlackElo "2186"]
[Result "1-0"]
[Round "3"]
[TimeControl "180+1"]
[Date "2023.10.31"]
[WhiteClock "0:01:51"]
[BlackClock "0:01:20"]
[Board "176"]

1. d4 d5 2. Bg5 c5 3. dxc5 Qa5+ 4. Nc3 Qxc5 5. Qxd5 Qb6 6. O-O-O Be6 7. Qb5+ Nc6 8. Qxb6 axb6 9. a3 Bc4 10. Nf3 f6 11. Bh4 e5 12. e4 Bxf1 13. Rhxf1 Bc5 14. Nd5 Nge7 15. Nc7+ Kf7 16. Nxa8 Rxa8 17. g4 Ke6 18. c3 b5 19. g5 Na5 20. Kc2 Nc4 21. gxf6 gxf6 22. Nd2 Nd6 23. f4 Nc6 24. Nb3 Bb6 25. Bxf6 1-0


[Site "https://www.chess.com"]

[Event "Titled Tuesday Blitz October 31 Early 2023"]
[White "campochess"]
[Black "Bashirli, Saadat"]
[BlackFideId "13429990"]
[WhiteElo "2188"]
[BlackElo "2393"]
[Result "0-1"]
[Round "3"]
[TimeControl "180+1"]
[Date "2023.10.31"]
[WhiteClock "0:00:07"]
[BlackClock "0:00:07"]
[Board "177"]

1. e4 e5 2. Bc4 Nf6 3. d3 Bc5 4. Nf3 Nc6 5. a3 d6 6. h3 O-O 7. Nbd2 Ne7 8. Nf1 c6 9. Be3 Bb6 10. Qd2 Ng6 11. Ng3 d5 12. exd5 cxd5 13. Bxb6 Qxb6 14. Bb3 Rd8 15. O-O e4 16. Nh2 Be6 17. Rad1 h6 18. Rfe1 Ne5 19. Qb4 Qc6 20. Qd4 Ng6 21. Re3 Nf4 22. Rde1 Qc7 23. dxe4 dxe4 24. Qb4 Bxb3 25. Qxb3 N4d5 26. Nxe4 Nxe3 27. Nxf6+ gxf6 28. Qxe3 Re8 29. Qd2 Rxe1+ 30. Qxe1 Qxc2 31. Ng4 Kg7 32. Qe3 Qg6 33. Kh2 h5 34. Qf3 hxg4 35. hxg4 Rh8+ 36. Kg3 Qh6 37. Qxb7 Qh4+ 38. Kf3 Qg5 39. Qxa7 Rd8 40. Qe3 Qxe3+ 41. Kxe3 Rb8 42. b4 Ra8 43. Kd4 Rxa3 44. Kc5 Ra2 45. b5 Rxf2 46. b6 Rxg2 47. b7 Rb2 48. Kc6 Kg6 49. Kc7 Kg5 50. b8=Q Rxb8 51. Kxb8 Kxg4 0-1


[Site "https://www.chess.com"]

[Event "Titled Tuesday Blitz October 31 Early 2023"]
[White "Mirzanurov, Bulat"]
[Black "Jackalhead_Anubis"]
[WhiteFideId "4184521"]
[WhiteElo "2183"]
[BlackElo "2390"]
[Result "0-1"]
[Round "3"]
[TimeControl "180+1"]
[Date "2023.10.31"]
[WhiteClock "0:00:00"]
[BlackClock "0:00:20"]
[Board "178"]

1. e4 e5 2. Nf3 Nc6 3. Bb5 Nf6 4. O-O Nxe4 5. Re1 Nd6 6. a4 Be7 7. Nc3 O-O 8. d4 Nxb5 9. axb5 Nxd4 10. Nxd4 exd4 11. Nd5 Bf6 12. Bf4 d6 13. b6 cxb6 14. Ra4 Bf5 15. Nxf6+ Qxf6 16. Rxd4 Bxc2 17. Qd2 Rfe8 18. Rc1 Bg6 19. Rxd6 Qe7 20. h3 Rad8 21. Rxd8 Rxd8 22. Qc3 h6 23. Re1 Qd7 24. Kh2 Qd4 25. Qc7 Rd7 26. Qb8+ Kh7 27. Re8 Bf5 28. Be5 Qxf2 29. Rh8+ Kg6 30. Qg8 f6 31. Qh7+ Kg5 32. Bxf6+ Kxf6 33. Rf8+ Kg5 0-1


[Site "https://www.chess.com"]

[Event "Titled Tuesday Blitz October 31 Early 2023"]
[White "Floresvillar Gonzalez, Luis Migu"]
[Black "Goldin, Roman"]
[WhiteFideId "5100542"]
[BlackFideId "2803860"]
[WhiteElo "2178"]
[BlackElo "2389"]
[Result "0-1"]
[Round "3"]
[TimeControl "180+1"]
[Date "2023.10.31"]
[WhiteClock "0:00:30"]
[BlackClock "0:00:08"]
[Board "179"]

1. d4 Nf6 2. c3 d6 3. Bg5 Nbd7 4. Nd2 e5 5. e3 Be7 6. Bd3 O-O 7. Qc2 g6 8. Bh6 Re8 9. h3 exd4 10. cxd4 c5 11. Ngf3 b6 12. O-O Bb7 13. Rac1 Rc8 14. Qa4 Qc7 15. Rfd1 a6 16. a3 b5 17. Qc2 Nb6 18. dxc5 dxc5 19. Ne4 c4 20. Nxf6+ Bxf6 21. Be2 Be4 22. Qd2 Red8 23. Qe1 Bxb2 24. Bf4 Qe7 25. Bg5 f6 26. Bh6 Bxa3 27. Ra1 Bb4 28. Rxd8+ Rxd8 29. Qc1 a5 30. Nd4 Rxd4 31. exd4 Nd5 32. Bxc4 bxc4 33. Qxc4 Qc7 34. Qxc7 Nxc7 35. f3 Bd5 36. Rc1 Nb5 37. Rc8+ Kf7 38. Rh8 Nxd4 39. Rxh7+ Ke6 40. Be3 Nc6 41. Rc7 a4 42. Rc8 a3 43. Ra8 a2 44. Bc1 Bc3 45. Ra6 a1=Q 46. Rxa1 Bxa1 47. Kf2 Bd4+ 48. Kg3 Nb4 49. h4 Nd3 50. Bh6 Kf5 51. Kh3 Be5 52. g4+ Ke6 53. Kg2 Ne1+ 54. Kf2 Nxf3 55. h5 gxh5 56. gxh5 Kf5 57. Be3 Ng5 58. h6 Kg6 59. Kg1 Kxh6 60. Kf2 Kg6 61. Kf1 Kf5 62. Kf2 Kg4 63. Bc5 f5 64. Be7 f4 65. Kg1 Bd4+ 66. Kh2 Nf3+ 67. Kh1 Nd2+ 68. Kh2 Nf1# 0-1


[Site "https://www.chess.com"]

[Event "Titled Tuesday Blitz October 31 Early 2023"]
[White "vaniavindy"]
[Black "EvgenyBurmakin"]
[WhiteElo "2167"]
[BlackElo "2387"]
[Result "0-1"]
[Round "3"]
[TimeControl "180+1"]
[Date "2023.10.31"]
[WhiteClock "0:00:00"]
[BlackClock "0:00:16"]
[Board "180"]

1. d4 Nf6 2. c4 g6 3. Nc3 Bg7 4. e4 d6 5. f3 O-O 6. Be3 Nc6 7. Qd2 a6 8. Bd3 Rb8 9. Nge2 Nb4 10. Bb1 b5 11. a3 Nc6 12. cxb5 axb5 13. O-O Na5 14. Ba2 Nc4 15. Bxc4 bxc4 16. a4 Ba6 17. d5 e5 18. dxe6 fxe6 19. Nd4 Qd7 20. f4 Ng4 21. Rfb1 Rb7 22. Nde2 Nxe3 23. Qxe3 Rfb8 24. Qd2 c5 25. Kh1 Qc6 26. f5 gxf5 27. exf5 exf5 28. Rf1 Rxb2 29. Qg5 d5 30. h4 d4 31. Qxf5 dxc3 32. Qf7+ Kh8 33. Nf4 Bb7 34. Rg1 Rf8 35. Qxc4 Qh6 36. h5 Rxf4 37. Qxf4 Qxf4 0-1


[Site "https://www.chess.com"]

[Event "Titled Tuesday Blitz October 31 Early 2023"]
[White "Lebedev, Artem S."]
[Black "Fernandez Hernandez, Gerardo"]
[WhiteFideId "34272747"]
[BlackFideId "2207400"]
[WhiteElo "2384"]
[BlackElo "2155"]
[Result "1-0"]
[Round "3"]
[TimeControl "180+1"]
[Date "2023.10.31"]
[WhiteClock "0:00:04"]
[BlackClock "0:00:00"]
[Board "181"]

1. e4 e6 2. d4 d5 3. Nc3 Nc6 4. Nf3 Nf6 5. e5 Ne4 6. Bd3 Bb4 7. Bd2 Nxd2 8. Qxd2 f6 9. O-O-O fxe5 10. Nxe5 Nxe5 11. dxe5 O-O 12. Qe3 d4 13. Bxh7+ Kxh7 14. Rxd4 Qe7 15. Qe4+ Kg8 16. Rxb4 c5 17. Rc4 b5 18. Nxb5 Bb7 19. Qe3 Bd5 20. Rxc5 Rac8 21. Rxc8 Rxc8 22. Nd6 Rc7 23. Kb1 a5 24. Rd1 a4 25. a3 Qd7 26. Qd3 Qc6 27. Qg6 Be4 28. Qxe4 Qc5 29. Qg6 1-0


[Site "https://www.chess.com"]

[Event "Titled Tuesday Blitz October 31 Early 2023"]
[White "MarijaKuznecova"]
[Black "Feliz Dotel, Dewar Bienvenido"]
[BlackFideId "6402801"]
[WhiteElo "2382"]
[BlackElo "2133"]
[Result "1-0"]
[Round "3"]
[TimeControl "180+1"]
[Date "2023.10.31"]
[WhiteClock "0:00:17"]
[BlackClock "0:00:00"]
[Board "182"]

1. e4 e5 2. Nf3 Nc6 3. d4 exd4 4. Nxd4 Nf6 5. Nxc6 bxc6 6. e5 Qe7 7. Qe2 Nd5 8. c4 Ba6 9. Nd2 Nf4 10. Qe3 Ng6 11. f4 Qe6 12. Bd3 Nh4 13. O-O Nf5 14. Qe4 Bc5+ 15. Kh1 Ne3 16. Re1 Nxc4 17. Bxc4 Bxc4 18. Qxc4 Qxc4 19. Nxc4 O-O 20. Be3 Bb4 21. Red1 Rad8 22. Bxa7 Rfe8 23. a3 Bf8 24. Bd4 d6 25. Na5 c5 26. Bc3 d5 27. b4 d4 28. Bb2 cxb4 29. axb4 Rd5 30. Nc6 Re6 31. Rxd4 Rxd4 32. Nxd4 Rb6 33. Bc3 h5 34. h3 Bxb4 35. Bxb4 Rxb4 36. Ne2 h4 37. Rc1 Rb7 38. Nd4 g6 39. Nc6 Rb4 40. Ne7+ Kg7 41. Nd5 Rd4 42. Nf6 Rxf4 43. Rxc7 Rf1+ 44. Kh2 Re1 45. Re7 g5 46. Re8 Kg6 47. Ng4 Kf5 48. Rg8 Re2 49. Rg7 Ke6 50. Rxg5 Ke7 51. Rh5 Re4 52. Rxh4 Ra4 53. Rh7 Re4 54. Nh6 Rxe5 55. Nxf7 Kf6 56. Nxe5 Kg5 57. Rg7+ Kh6 58. Rg6+ Kh5 59. g4+ Kh4 60. Nf3# 1-0


[Site "https://www.chess.com"]

[Event "Titled Tuesday Blitz October 31 Early 2023"]
[White "dontcatchmeifyoucant"]
[Black "Kovalevsky, Stanislav"]
[BlackFideId "13508598"]
[WhiteElo "2122"]
[BlackElo "2378"]
[Result "0-1"]
[Round "3"]
[TimeControl "180+1"]
[Date "2023.10.31"]
[WhiteClock "0:00:00"]
[BlackClock "0:01:13"]
[Board "184"]

1. e4 c6 2. d4 d5 3. f3 g6 4. Nc3 Bg7 5. Be3 dxe4 6. fxe4 Nf6 7. Nf3 Bg4 8. Be2 Qa5 9. O-O Nbd7 10. h3 Bxf3 11. Bxf3 Rd8 12. Qd2 Ne5 13. dxe5 Rxd2 14. exf6 Bxf6 15. Bxd2 Qb6+ 16. Kh1 Qxb2 17. Rab1 Qxc2 18. Rxb7 Qxd2 19. Rd1 Qf4 20. e5 Bxe5 21. Bxc6+ Kf8 0-1


[Site "https://www.chess.com"]

[Event "Titled Tuesday Blitz October 31 Early 2023"]
[White "Goswami, Vedant"]
[Black "Andreassen, Lars"]
[WhiteFideId "5003725"]
[BlackFideId "1504878"]
[WhiteElo "2368"]
[BlackElo "2110"]
[Result "1-0"]
[Round "3"]
[TimeControl "180+1"]
[Date "2023.10.31"]
[WhiteClock "0:00:58"]
[BlackClock "0:01:03"]
[Board "185"]

1. c3 d5 2. d4 Nf6 3. Bf4 g6 4. Qc1 Bg7 5. Bh6 O-O 6. Bxg7 Kxg7 7. Nd2 Bf5 8. Ngf3 Nbd7 9. e3 c5 10. Be2 Rc8 11. O-O Ne4 12. Re1 Nxd2 13. Qxd2 Bg4 14. Rad1 e6 15. h3 Bxf3 16. Bxf3 cxd4 17. Qxd4+ Qf6 18. e4 Qxd4 19. Rxd4 dxe4 20. Rxd7 exf3 21. Rxe6 fxg2 22. Rxb7 Rb8 23. Ree7 Rxb7 24. Rxb7 Ra8 25. a4 a5 26. Kxg2 Kf6 27. c4 Ke6 28. h4 h5 29. b3 f6 30. Kf3 g5 31. Kg3 Rg8 32. Rb5 gxh4+ 33. Kxh4 Rg4+ 34. Kxh5 Rf4 35. Rxa5 Rxf2 36. Rb5 f5 37. a5 Kf6 38. Kh4 Rh2+ 39. Kg3 Ra2 40. Rb6+ Kg5 41. a6 Ra3 42. c5 f4+ 43. Kf3 Ra1 44. c6 Rf1+ 45. Ke2 Ra1 46. c7 Kg4 47. c8=Q+ 1-0


[Site "https://www.chess.com"]

[Event "Titled Tuesday Blitz October 31 Early 2023"]
[White "Baruch, Liam"]
[Black "Seresin, Francesco"]
[WhiteFideId "14322064"]
[BlackFideId "886335"]
[WhiteElo "2109"]
[BlackElo "2367"]
[Result "0-1"]
[Round "3"]
[TimeControl "180+1"]
[Date "2023.10.31"]
[WhiteClock "0:00:07"]
[BlackClock "0:00:12"]
[Board "186"]

1. e4 d5 2. exd5 Nf6 3. d4 Nxd5 4. Nf3 g6 5. c4 Nb6 6. Nc3 Bg7 7. Be3 O-O 8. Be2 Nc6 9. O-O e5 10. d5 Ne7 11. Bc5 Re8 12. Ne4 Nf5 13. g4 Nd6 14. Bxd6 cxd6 15. h3 f5 16. gxf5 gxf5 17. Ng3 f4 18. Ne4 Bxh3 19. Re1 Qd7 20. Nfg5 Bf5 21. Bh5 Rf8 22. Qe2 Rad8 23. b3 Qe7 24. Bf3 Nd7 25. Kh2 Nf6 26. Rg1 Kh8 27. Rg2 Rg8 28. Rag1 Bh6 29. Nh3 Bc8 30. Nxf6 Qxf6 31. Rxg8+ Rxg8 32. Rxg8+ Kxg8 33. Bg4 Bf5 34. Bxf5 Qxf5 35. Qf3 e4 36. Qg2+ Kf7 37. c5 dxc5 38. d6 f3 39. Qg3 Ke6 40. Qg8+ Kxd6 41. Qb8+ Kc6 42. Qe8+ Kb6 43. Qd8+ Ka6 44. Qd6+ b6 45. Qxh6 Qe5+ 46. Qf4 Qb2 47. Qxe4 Qxa2 48. Qxf3 c4 49. bxc4 Qxc4 50. Nf4 Kb5 51. Nd3 Qc7+ 52. Kg2 a5 53. Qd5+ Ka6 54. Qd4 Qc6+ 55. f3 Qg6+ 56. Kf2 Qc6 57. Ke1 h5 58. Qd8 Qxf3 59. Qd7 Qe4+ 60. Kd1 h4 61. Qc8+ Kb5 62. Qd7+ Kc4 63. Nb2+ Kb3 64. Qb5+ Qb4 65. Qe2 Qd4+ 66. Ke1 Qxb2 67. Qe6+ Ka3 68. Kf1 Qb4 69. Qe3+ Qb3 70. Qc1+ Qb2 71. Qe3+ Ka4 72. Qe8+ Qb5+ 73. Qxb5+ Kxb5 74. Ke2 a4 75. Kf3 a3 76. Kf4 a2 0-1


[Site "https://www.chess.com"]

[Event "Titled Tuesday Blitz October 31 Early 2023"]
[White "LiadCuba"]
[Black "Lorenzo De La Riva, Lazaro"]
[BlackFideId "2268809"]
[WhiteElo "2358"]
[BlackElo "2102"]
[Result "1-0"]
[Round "3"]
[TimeControl "180+1"]
[Date "2023.10.31"]
[WhiteClock "0:00:33"]
[BlackClock "0:00:12"]
[Board "187"]

1. d4 Nf6 2. c4 a6 3. Nc3 c5 4. d5 b5 5. cxb5 axb5 6. Nxb5 Qa5+ 7. Nc3 Bb7 8. Bd2 Qb6 9. e4 e6 10. dxe6 fxe6 11. Qc2 Nc6 12. Nf3 Nb4 13. Qb1 d5 14. a3 dxe4 15. Ng5 Nbd5 16. Ngxe4 Be7 17. Bb5+ Kf8 18. Nxf6 Bxf6 19. O-O h5 20. a4 h4 21. h3 Qc7 22. Qg6 Ne7 23. Qg4 Nf5 24. Ne4 Bd4 25. Ng5 Bd5 26. Bc3 Rh6 27. Rac1 Rg6 28. Bxd4 Nxd4 29. f4 Nf5 30. b4 Ne3 31. Qxh4 Nxf1 32. Rxf1 cxb4 33. f5 Qc5+ 34. Kh1 Rf6 35. Nh7+ Ke7 36. Nxf6 gxf6 37. fxe6 Qc2 38. Qxf6+ Kd6 39. e7+ Kc7 40. Qe5+ Kb6 41. Qxd5 Rg8 42. Qxg8 b3 43. Qd8+ Kc5 44. Qc7+ Kb4 45. Qxc2 bxc2 46. e8=Q c1=Q 47. Rxc1 Ka5 48. Qe1+ Kb6 49. Qb4 Ka7 50. Qa5+ Kb8 51. Qb6+ Ka8 52. Bc6# 1-0


[Site "https://www.chess.com"]

[Event "Titled Tuesday Blitz October 31 Early 2023"]
[White "Pumpkin_in_moonlight"]
[Black "Levine, David"]
[BlackFideId "2011611"]
[WhiteElo "2347"]
[BlackElo "2059"]
[Result "1-0"]
[Round "3"]
[TimeControl "180+1"]
[Date "2023.10.31"]
[WhiteClock "0:00:08"]
[BlackClock "0:00:00"]
[Board "188"]

1. e4 e5 2. Nf3 Nc6 3. Bb5 a6 4. Ba4 Nf6 5. O-O Be7 6. Bxc6 dxc6 7. d3 Nd7 8. Nbd2 O-O 9. b3 c5 10. Bb2 f6 11. Nc4 Nb8 12. h3 Nc6 13. Bc1 Re8 14. Ne3 Bf8 15. Nd5 Be6 16. c4 Nd4 17. Be3 c6 18. Nc3 Qd7 19. Bxd4 cxd4 20. Ne2 b5 21. Re1 Bb4 22. Rf1 Red8 23. Qc2 bxc4 24. bxc4 Rdb8 25. Rfb1 Bd6 26. c5 Bc7 27. Nd2 g5 28. Nc4 g4 29. hxg4 Bxg4 30. Ng3 Kh8 31. Nb6 Bxb6 32. cxb6 Rb7 33. a4 a5 34. f3 Be6 35. Kf2 Ra6 36. Qc5 Qd8 37. Nh5 Rbxb6 38. Rxb6 Rxb6 39. Rc1 Rb2+ 40. Rc2 1-0


[Site "https://www.chess.com"]

[Event "Titled Tuesday Blitz October 31 Early 2023"]
[White "Diaz, Fernando"]
[Black "Castillo Pena, Patricia Evarista"]
[WhiteFideId "3701255"]
[BlackFideId "6412106"]
[WhiteElo "2347"]
[BlackElo "2053"]
[Result "1/2-1/2"]
[Round "3"]
[TimeControl "180+1"]
[Date "2023.10.31"]
[WhiteClock "0:00:19"]
[BlackClock "0:00:47"]
[Board "189"]

1. e4 c5 2. d4 cxd4 3. c3 dxc3 4. Nxc3 Nc6 5. Bc4 e6 6. Nf3 Bb4 7. O-O Nge7 8. Qe2 O-O 9. Bf4 a6 10. Rac1 b5 11. Bb3 Na5 12. Rfd1 Bb7 13. h4 Rc8 14. Ng5 Nxb3 15. axb3 h6 16. Nf3 Ng6 17. Bg3 d5 18. exd5 exd5 19. h5 Re8 20. Qd3 Nf8 21. Qf5 Bxc3 22. bxc3 Qd7 23. Qf4 Ne6 24. Qh4 Qe7 25. Qg4 Rcd8 26. Be5 Bc8 27. Qg3 Ng5 28. Bd4 Nxf3+ 29. Qxf3 Qg5 30. Re1 Bg4 31. Qg3 Bxh5 32. Qc7 Rxe1+ 33. Rxe1 Rf8 34. Re5 Qc1+ 35. Kh2 Bg6 36. Re3 Qc2 37. b4 Qf5 38. Rg3 Qh5+ 39. Kg1 Qd1+ 40. Kh2 Qh5+ 41. Rh3 Qe2 42. Rg3 Qh5+ 1/2-1/2


[Site "https://www.chess.com"]

[Event "Titled Tuesday Blitz October 31 Early 2023"]
[White "Girinath, P.D.S."]
[Black "leonidsh29"]
[WhiteFideId "5000572"]
[WhiteElo "2342"]
[BlackElo "2050"]
[Result "1-0"]
[Round "3"]
[TimeControl "180+1"]
[Date "2023.10.31"]
[WhiteClock "0:00:04"]
[BlackClock "0:00:00"]
[Board "190"]

1. e4 c5 2. Nf3 a6 3. c3 e6 4. d4 d5 5. e5 Nc6 6. Bd3 cxd4 7. cxd4 Qb6 8. O-O Nge7 9. Nc3 Bd7 10. Bc2 Nb4 11. Bb1 Rc8 12. Re1 Ng6 13. h4 Be7 14. g3 Nc6 15. h5 Nf8 16. Bc2 h6 17. Rb1 Na5 18. Bf4 Nc4 19. Bd3 Nxb2 20. Qd2 Qa5 21. Rxb2 Qxc3 22. Rxb7 Qxd2 23. Bxd2 Bb5 24. Bxb5+ axb5 25. Rxb5 Nd7 26. a4 O-O 27. a5 Ra8 28. Rb7 Rfd8 29. Ra1 Ra6 30. Kg2 Kf8 31. Ne1 Ke8 32. Nd3 Rb8 33. Rxb8+ Nxb8 34. Bb4 Nc6 35. Bxe7 Kxe7 36. Rc1 Nxa5 37. Ra1 Ra7 38. Nb4 Kd7 39. f4 Nc6 40. Rxa7+ Nxa7 41. Kf3 Kc7 42. Ke3 Kb6 43. g4 Kb5 44. Nd3 Kc4 45. f5 Nc6 46. Nb2+ Kc3 47. Na4+ Kc4 48. Nb6+ Kc3 49. f6 gxf6 50. exf6 Nxd4 51. Kf4 Kd3 52. g5 hxg5+ 53. Kxg5 Nf5 54. Nd7 Ke4 55. Nc5+ Ke3 56. Nxe6 d4 57. Kxf5 fxe6+ 58. Kxe6 d3 59. f7 d2 60. f8=Q d1=Q 61. Qf5 1-0


[Site "https://www.chess.com"]

[Event "Titled Tuesday Blitz October 31 Early 2023"]
[White "TomLiu777"]
[Black "Sailer, Mike"]
[BlackFideId "2012901"]
[WhiteElo "2326"]
[BlackElo "2038"]
[Result "0-1"]
[Round "3"]
[TimeControl "180+1"]
[Date "2023.10.31"]
[WhiteClock "0:01:26"]
[BlackClock "0:02:01"]
[Board "191"]

1. e4 g6 2. h4 h5 3. g4 hxg4 4. Be2 d6 5. Bxg4 Bxg4 6. Qxg4 Nf6 7. Qg2 Nc6 8. Nc3 Qd7 9. d3 Bg7 10. Bd2 O-O-O 11. O-O-O Qg4 12. Nge2 Qxg2 0-1


[Site "https://www.chess.com"]

[Event "Titled Tuesday Blitz October 31 Early 2023"]
[White "ivana_999"]
[Black "Szente Varga, Fruzsina"]
[BlackFideId "712264"]
[WhiteElo "2029"]
[BlackElo "2326"]
[Result "0-1"]
[Round "3"]
[TimeControl "180+1"]
[Date "2023.10.31"]
[WhiteClock "0:00:00"]
[BlackClock "0:00:17"]
[Board "192"]

1. d4 Nf6 2. c4 g6 3. Nc3 Bg7 4. e4 d6 5. f4 O-O 6. Nf3 c5 7. d5 e6 8. Be2 exd5 9. cxd5 Re8 10. e5 dxe5 11. fxe5 Ng4 12. e6 fxe6 13. d6 Ne5 14. O-O Nxf3+ 15. Bxf3 Bd4+ 16. Kh1 Qxd6 17. Ne4 Qc7 18. Bg4 Nc6 19. Bh6 Bd7 20. Qf3 Ne5 21. Nf6+ Kh8 22. Qg3 Rec8 23. Qh4 Bc6 24. Nh5 Nxg4 25. Qxg4 Bd5 26. Nf4 Bc4 27. Nxe6 Qd7 28. Qxd4+ cxd4 29. Bg7+ Kg8 30. Rf6 Bxe6 0-1


[Site "https://www.chess.com"]

[Event "Titled Tuesday Blitz October 31 Early 2023"]
[White "secrethawk1"]
[Black "Phillips, Rene"]
[BlackFideId "2056275"]
[WhiteElo "2321"]
[BlackElo "2010"]
[Result "1-0"]
[Round "3"]
[TimeControl "180+1"]
[Date "2023.10.31"]
[WhiteClock "0:01:51"]
[BlackClock "0:01:25"]
[Board "193"]

1. d4 Nc6 2. Nf3 d5 3. Bf4 Bg4 4. e3 Nf6 5. Bb5 Bxf3 6. Qxf3 Qd7 7. Nd2 a6 8. Be2 e6 9. O-O Bd6 10. c4 Bxf4 11. Qxf4 O-O 12. cxd5 exd5 13. Bd3 h6 14. Rac1 Rfe8 15. Nb3 Ne4 16. f3 Nf6 17. Nc5 Qc8 18. Rfe1 Nb4 19. Bb1 b6 20. Nb3 a5 21. Rxc7 Qb8 22. Rec1 a4 23. Nd2 Nh5 24. Qxf7+ 1-0


[Site "https://www.chess.com"]

[Event "Titled Tuesday Blitz October 31 Early 2023"]
[White "Der_Balak_3Halak"]
[Black "Ghosh, Chanchal Kumer"]
[BlackFideId "10201858"]
[WhiteElo "2319"]
[BlackElo "1954"]
[Result "1-0"]
[Round "3"]
[TimeControl "180+1"]
[Date "2023.10.31"]
[WhiteClock "0:01:32"]
[BlackClock "0:00:00"]
[Board "194"]

1. e3 c5 2. d4 cxd4 3. exd4 d6 4. c4 Nf6 5. Nc3 e6 6. Nf3 Be7 7. Be3 Qc7 8. Rc1 b6 9. Bf4 Bb7 10. Nb5 Qd8 11. Be2 O-O 12. O-O a6 13. Nc3 Nc6 14. d5 exd5 15. cxd5 Nb8 16. Qd4 Nbd7 17. Bd3 b5 18. b4 Rc8 19. Rfe1 Nb6 20. Rxe7 Qxe7 21. Qxb6 Nxd5 22. Nxd5 Rxc1+ 23. Bxc1 Bxd5 24. Qe3 Qf6 25. Qd4 Qe6 26. Bxh7+ Kh8 27. Bb2 f6 28. Bd3 Bxf3 29. gxf3 Re8 30. Qh4+ Kg8 31. Bg6 Rc8 32. Qh7+ Kf8 33. Qh8+ Ke7 34. Qxg7+ Kd8 35. Bxf6+ 1-0


[Site "https://www.chess.com"]